 Dungeon Crawl Stone Soup version 0.29-a0-542-g075992c915 (console) character file.

Game seed: 17967801003417809585

261 jejorda2 the Cudgeller (level 6, 0/53 HPs)
             Began as a Meteoran Berserker on June 3, 2022.
             Was a Believer of Trog.
             Slain by an iguana (3 damage)
             ... on level 4 of the Dungeon.
             The game lasted 00:07:13 (1852 turns).

jejorda2 the Cudgeller (Meteoran Berserker)         Turns: 1852, Time: 00:07:14

Health: 0/53       AC:  8    Str: 20    XL:     6   Next: 70%
Magic:  0/7        EV: 10    Int:  8    God:    Trog [**....]
Gold:   75         SH:  0    Dex: 15    Spells: 5/5 levels left

rFire   . . .      SeeInvis .   b - +0 flail
rCold   . . .      Faith    .   (no shield)
rNeg    . . .      Spirit   +   q - +0 scale mail
rPois   .          Reflect  .   h - +0 helmet
rElec   .          Harm     .   (no cloak)
rCorr   .          Rampage  .   (no gloves)
Will    .....                   (no boots)
Stlth   ..........              a - amulet of guardian spirit
HPRegen 0.17/turn               (no ring)
MPRegen 0.10/turn               (no ring)

@: on berserk cooldown, slowed, glowing, very slow
A: sense surroundings 1, otherworldly, glowing, explore regen
a: Renounce Religion, Berserk, Trog's Hand


You were on level 4 of the Dungeon.
You worshipped Trog.
Trog was pleased with you.
You visited 1 branch of the dungeon, and saw 4 of its levels.

You collected 108 gold pieces.
You spent 33 gold pieces at shops.

Inventory:

Hand Weapons
 b - a +0 flail (weapon)
 m - a +0 whip
Missiles
 i - 2 curare-tipped darts (quivered)
 l - 43 stones
Armour
 h - a +0 helmet (worn)
 q - a +0 scale mail (worn)
Jewellery
 a - an amulet of guardian spirit (around neck)
Scrolls
 c - a scroll of vulnerability {unknown}
 e - 2 scrolls of blinking {unknown}
 f - 2 scrolls of teleportation {unknown}
 g - 3 scrolls of identify {unknown}
 n - a scroll of fear {unknown}
 p - a scroll of enchant armour {unknown}
 r - a scroll of silence {unknown}
Potions
 d - 2 potions of mutation {unknown}
 j - a potion of brilliance {unknown}
 k - 4 potions of curing
 o - a potion of degeneration {unknown}


   Skills:
 + Level 4.6 Fighting
 * Level 6.9 Maces & Flails
 + Level 4.2 Armour
 - Level 2.4 Dodging


You had 5 spell levels left.
You didn't know any spells.
Your spell library was empty.

Dungeon Overview and Level Annotations

Branches:
Dungeon (4/15)
 Temple: D:4-7

Altars:
Yredelemnul

Shops:
D:1 [!

Annotations:
D:3 pokeman's ghost, amateur DEWz


Innate Abilities, Weirdness & Mutations

You passively map a small area around you.
You are easily found by Zot.
You glow in the dark.
You regain HP and MP as you explore.


Message History

You thump the orc wizard!
The orc wizard is severely wounded.
The orc wizard hits you but does no damage.
The orc priest calls down the wrath of Beogh upon you.
Beogh smites you! The orc wizard closely misses you.
You barely miss the orc wizard.
The orc wizard is severely wounded.
The orc wizard misses you.
The orc priest casts a cantrip, but nothing happens.
The orc wizard gestures at you while chanting.
The magic dart hits you.
You barely miss the orc wizard.
The orc wizard is severely wounded.
The orc wizard points at you and mumbles some strange words.
The puff of flame hits you!
You sock the orc wizard!
You kill the orc wizard!
Trog accepts your kill.
Trog appreciates your killing of a magic user.
The orc priest hits you with a +0 mace.
You closely miss the orc priest.
The orc priest casts a cantrip, but nothing happens.
You sock the orc priest!
The orc priest is severely wounded.
The orc priest invokes the aid of Beogh against you.
Pain shoots through your body!
* * * LOW HITPOINT WARNING * * *
The orc priest closely misses you.
You hit the orc priest.
The orc priest is severely wounded.
The orc priest closely misses you.
You sock the orc priest!
You kill the orc priest!
Trog accepts your kill. The iguana bites you!
* * * LOW HITPOINT WARNING * * *
You barely miss the iguana. The iguana barely misses you. The iguana bites you.
* * * LOW HITPOINT WARNING * * *
You barely miss the iguana. The iguana bites you.
You die...

######..####^#.#######
,.............#.#* * *
*#######..######.[ , *
*#.....).)# #### * ,
..#####)## #.# #.#
########.# ......l@.#
##########


You could see an iguana.

Vanquished Creatures
  A hound (D:4)
  2 orc priests
  3 orc wizards (D:4)
  A gnoll (D:3)
  2 adders
  A worm (D:2)
  A dart slug (D:4)
  5 orcs
  9 ball pythons
  2 bats
  3 endoplasms (D:3)
  4 giant cockroaches
  5 hobgoblins
  3 jackals (D:1)
  5 quokkas
  5 frilled lizards
  5 goblins
  4 kobolds (D:2)
  5 rats
66 creatures vanquished.

Notes
Turn   | Place    | Note
-------+----------+-------------------------------------------
     0 | D:1      | jejorda2 the Meteoran Berserker began the quest for the
                  | Orb.
     0 | D:1      | Reached XP level 1. HP: 19/19 MP: 2/2
   219 | D:1      | Reached XP level 2. HP: 26/26 MP: 3/3
   328 | D:1      | Reached XP level 3. HP: 31/31 MP: 4/4
   413 | D:1      | Found Sydicos's Distillery.
   421 | D:1      | Found Lusoder's Armour Emporium.
   474 | D:1      | Bought a potion of curing for 33 gold pieces
   484 | D:1      | Glimpsed the power of Zot.
   592 | D:2      | Reached skill level 5 in Maces & Flails
   656 | D:2      | Reached XP level 4. HP: 40/40 MP: 5/5
   664 | D:2      | Reached ** piety under Trog
  1030 | D:3      | Reached XP level 5. HP: 46/46 MP: 3/6
  1419 | D:3      | Found a basalt altar of Yredelemnul.
  1521 | D:3      | Found a transporter.
  1528 | D:3      | Found a transporter.
  1542 | D:3      | HP: 2/46 [disintegration (15)]
  1544 | D:3      | Noticed pokeman's ghost (amateur DEWz)
  1546 | D:3      | Identified the +7 halberd of Xodiyx {venom, rElec rF- rN++
                  | Str+3}
  1668 | D:3      | Glimpsed the power of Zot.
  1729 | D:4      | Reached skill level 6 in Maces & Flails
  1834 | D:4      | Reached XP level 6. HP: 53/53 MP: 4/7
  1852 | D:4      | Slain by an iguana

Illustrated notes

Levels and vault maps discovered:
D:1:      matt_arrival_grand_opening, layout_basic,
          dreamdust_ecumenical_altar_hidden_monk_grotto, serial_shops,
          nicolae_shop_hallway_stairs, shop, nicolae_shop_hallway_stairs,
          minmay_misc_feat_nine_boxes, minmay_cupped
D:2:      layout_rooms
D:3:      minmay_evil_eye, layout_rooms, lemuel_doored_altar,
          gammafunk_ghost_gnarly_gnolls
D:4:      layout_loops_ring, minmay_temple_entry_butterflies, uniq_natasha

Skill      XL: |  1  2  3  4  5  6 |
---------------+-------------------+-----
Maces & Flails | 5 6 |  6.9
Armour         | 3 4 |  4.2
Fighting       | 4 |  4.6
Dodging        | |  2.4

Action                   |  1- 3 |  4- 6 || total
-------------------------+-------+-------++-------
Melee: Mace              |    69 |       ||    69
       Flail             |    13 |   102 ||   115
       Punch             |       |     2 ||     2
Invok: Berserk           |     1 |     2 ||     3
       Trog's Hand       |       |     2 ||     2
  Use: Potion            |       |     1 ||     1
Armor: Ring mail         |    38 |    10 ||    48
       Scale mail        |       |    41 ||    41
Dodge: Dodged            |    48 |    39 ||    87

Table legend: (Time is in decaauts)
 A = Elapsed time spent in this place.
 B = Non-inter-level travel time spent in this place.
 C = Inter-level travel time spent in this place.
 D = Time resting spent in this place.
 E = Time spent auto-exploring this place.
 F = Levels seen in this place.
 G = Mean time per level.
                   A        B        C        D        E       F      G
               +--------+--------+--------+--------+--------+-----+--------+
         Total |   1887 |   1817 |     70 |      0 |   1161 |   4 |  471.8 |
       Dungeon |   1887 |   1817 |     70 |      0 |   1161 |   4 |  471.8 |
               +--------+--------+--------+--------+--------+-----+--------+

Top non-repeatable levels by time:
     D:3: 704 daAuts
     D:2: 527 daAuts
     D:1: 505 daAuts
     D:4: 151 daAuts
